 Dungeon Sprint DCSS version 0.23.0-28-g6fe0f4d (webtiles) character file.

Game seed: 11686055994635328898

53 Fang the Skirmisher (level 3, -5/26 HPs)
             Began as a Gargoyle Berserker on Feb 25, 2019.
             Was a Follower of Trog.
             Slain by a tarantella (8 damage)
             ... in the Dungeon (Sprint V: "Ziggurat Sprint").
             The game lasted 00:00:33 (92 turns).

Fang the Skirmisher (Gargoyle Berserker)              Turns: 92, Time: 00:00:34

Health: -5/26      AC: 30    Str: 33    XL:     3   Next: 87%
Magic:  3/3        EV:  9    Int:  7    God:    Trog [*.....]
Gold:   0          SH:  0    Dex:  9    Spells: 2/2 levels left

rFire    . . .     SeeInvis .   k - +5 executioner's axe
rCold    . . .     Gourm    .   (shield currently unavailable)
rNeg     + . .     Faith    .   j - +15 Maxwell's patent armour {-Cast -Tele rElec MR+ rCorr}
rPois    ∞         Spirit   .   (no helmet)
rElec    +         Reflect  .   (no cloak)
rCorr    +         Harm     .   (no gloves)
MR       +....     NoTele   +   (no boots) Stlth ..........NoCast +
                                (no amulet)
HPRegen  0.08/turn              D - +6 ring of strength
MPRegen  0.08/turn              E - +6 ring of strength

@: berserk cooldown, slowed, very slow
A: negative energy resistance 1, electricity resistance, unbreathing,
petrification resistance, rot immunity, AC +3
a: Berserk, Renounce Religion


You were in the Dungeon.
You worshipped Trog.
Trog was aware of your devotion.
You were not hungry.

You visited 1 branch

Inventory:

Hand Weapons
 k - a +5 executioner's axe (weapon)
Armour
 j - the +15 Maxwell's patent armour (worn) {-Cast -Tele rElec MR+ rCorr}
   (You found it in the Dungeon)

   It insulates you from electricity.
   It affects your resistance to hostile enchantments.
   It prevents spellcasting.
   It prevents most forms of teleportation.
   It provides partial protection from all sources of acid and corrosion.
Jewellery
 D - a +6 ring of strength (left hand)
 E - a +6 ring of strength (right hand)
Wands
 w - a wand of disintegration (7)
 x - a wand of iceblast (7)
 y - a wand of acid (7)
Scrolls
 i - 4 scrolls of blinking
 l - 7 scrolls of fog
 m - a scroll of holy word
 n - 5 scrolls of identify
 o - 5 scrolls of remove curse
 p - 2 scrolls of fear
Potions
 d - 10 potions of curing
 e - 10 potions of heal wounds
 f - 6 potions of haste
 g - 7 potions of magic
 h - 3 potions of berserk rage
 q - 2 potions of brilliance
 r - 2 potions of invisibility
 s - 4 potions of resistance
 t - a potion of experience
 u - 5 potions of agility
 v - 5 potions of might
Comestibles
 c - 7 rations


   Skills:
 + Level 5.6 Fighting
   Level 3.0 Maces & Flails
 + Level 5.0 Armour
 + Level 3.7 Dodging


You had 2 spell levels left.
You didn't know any spells.
Your spell library was empty.

Dungeon Overview and Level Annotations

Branches:
Dungeon (1/1)

Altars:
Ashenzari
Cheibriados
Dithmenos
Elyvilon
Fedhas
Gozag
Hepliaklqana
Kikubaaqudgha
Makhleb
Nemelex Xobeh
Okawaru
Qazlal
Ru
Sif Muna
Trog
Uskayaw
Vehumet
Wu Jian
Xom
Yredelemnul
Zin
The Shining One
Beogh
Jiyva
Lugonu

Annotations:
D 1 transporter


Innate Abilities, Weirdness & Mutations

You are resistant to torment.
Your stone body is resilient. (AC +3)
You are immune to poison.
You resist negative energy. (rN+)
You are resistant to electric shocks. (rElec)
You can survive without breathing.
You are immune to petrification.
You are immune to rotting.


Message History

You miss the tarantella.
The tarantella is severely wounded.
The tarantella completely misses you.
The tarantella bites you but does no damage. x2
The tarantella closely misses you.
You bump into the unnaturally hard rock wall.
The tarantella bites you but does no damage. x2
The tarantella barely misses you.
The tarantella bites you but does no damage.
The tarantella bites you but does no damage.
You bump into the unnaturally hard rock wall.
The tarantella bites you but does no damage. x2
You bump into the unnaturally hard rock wall.
The tarantella bites you but does no damage.
The tarantella closely misses you. The tarantella bites you.
* * * LOW HITPOINT WARNING * * *
You bump into the granite statue.
You feel less confused. The tarantella bites you!
You die...

▓▓▓▓▓▓▓
▓.8©8@▓
▓....s▓
▓.).:.▓
▓.....▓
▓.....▓
▓..©..▓
▓▓▓▓▓▓▓


You could see a tarantella.

Vanquished Creatures
  A scorpion (D)
1 creature vanquished.

Vanquished Creatures (others)
  Sigmund (D)
  Purgy (D)
2 creatures vanquished.

Grand Total: 3 creatures vanquished

Notes
Turn   | Place    | Note
-------+----------+-------------------------------------------
     0 | D        | Found the +6 Majin-Bo {vamp, Archmagi MP+6 Int+6}
     0 | D        | Found the +7 great mace "Firestarter" {inner flame, rF++}
     0 | D        | Fang the Gargoyle Berserker began the quest for the Orb.
     0 | D        | Reached XP level 1. HP: 14/14 MP: 1/1
     1 | D        | Found a blossoming altar of Fedhas.
     2 | D        | Found a viscous altar of Jiyva.
     2 | D        | Found a transporter.
     2 | D        | Found a hazy altar of Hepliaklqana.
     2 | D        | Found an ancient bone altar of Kikubaaqudgha.
     2 | D        | Found an opulent altar of Gozag.
     2 | D        | Found a corrupted altar of Lugonu.
     4 | D        | Killed Purgy
     6 | D        | Found a burning altar of Makhleb.
     7 | D        | Found a stormy altar of Qazlal.
     7 | D        | Found an iron altar of Okawaru.
     7 | D        | Found a sacrificial altar of Ru.
     7 | D        | Found a sparkling altar of Nemelex Xobeh.
     7 | D        | Found a deep blue altar of Sif Muna.
     7 | D        | Found a bloodstained altar of Trog.
    13 | D        | Found the +9 heavy crossbow "Sniper" {velocity, Acc+∞ SInv}
    13 | D        | Found the +10 dark maul {crush}
    13 | D        | Found the +15 Maxwell's patent armour {-Cast -Tele rElec
                  | MR+ rCorr}
    13 | D        | Found the +18 shield of the Gong {rElec rN+ MR+ EV-5}
    13 | D        | Found the cursed +14 obsidian axe {chop, +Fly SInv *Curse}
    56 | D        | Killed Sigmund
    70 | D        | Entered arena 2.
    70 | D        | Noticed a tarantella
    70 | D        | Noticed a scorpion
    70 | D        | Found a transporter.
    72 | D        | Killed a scorpion
    72 | D        | Reached skill level 5 in Fighting
    72 | D        | Reached skill level 5 in Armour
    72 | D        | Reached XP level 2. HP: 21/21 MP: 2/2
    72 | D        | Reached XP level 3. HP: 26/26 MP: 3/3
    92 | D        | Slain by a tarantella

Skill      XL: |  1 |
---------------+----+-----
Fighting       | 5 |  5.6
Armour         | 5 |  5.0
Dodging        | 3 |  3.7
Maces & Flails | |  3.0

Action                   || total
-------------------------++-------
Melee: Executioner's axe ||     7
Invok: Berserk           ||     1
Armor: Plate armour      ||    23
Dodge: Dodged            ||     8
